AoeStats
← zaferyavuz12345678910

Arena

508880659Analyzed
1v1 RM · 7d ago on Sep 24, 2026· 43m 7s· 2 players
Game mode
Random Map
Map size
Tiny (2 player)
Population
200
Speed
Normal
Resources
Standard
Victory
Conquest
Starting age
Dark Age
Ending age
Imperial Age
RankedLock teamsTeams togetherTeam positionsShared explorationLock speedFull tech treeHidden civsTurbo modeCheats
Victory
Defeat
🇹🇷 Persians · Türkiye
614
+17
🇰🇷 Franks · South Korea
645
-17
zaferyavuz12345678910
11:16 Feudal Age
11:55 Double-Bit Axe
12:21 Gold Mining
13:18 Horse Collar
17:49 Stone Mining
21:12 Castle Age
25:21 Wheelbarrow
25:13 Pikeman
26:55 Forging
27:13 Ballistics
27:52 Bow Saw
27:44 Heavy Plow
28:13 Squires
29:56 Husbandry
31:44 Hand Cart
31:12 Elite Skirmisher
32:58 Loom
33:02 Town Watch
33:30 Kamandaran
33:41 Thumb Ring
34:00 Fletching
34:11 Padded Archer Armor
35:14 Gold Shaft Mining
35:16 Stone Shaft Mining
34:49 Crossbowman
36:01 Parthian Tactics
38:19 Imperial Age
36:36 Town Patrol
38:30 Leather Archer Armor
38:11 Bodkin Arrow
38:52 Iron Casting
39:03 Conscription
38:43 Heavy Camel Rider
38:58 Halberdier
40:05 Guilds
41:12 Chemistry
42:44 Two-Man Saw
42:23 Crop Rotation
42:48 Citadels
주인공
6:04 Loom
11:31 Feudal Age
11:58 Double-Bit Axe
14:27 Gold Mining
18:42 Stone Mining
21:06 Castle Age
19:52 Forging
19:43 Scale Mail Armor
20:28 Fletching
22:27 Bow Saw
24:35 Iron Casting
28:31 Loom
31:45 Imperial Age
29:44 Husbandry
30:11 Elite Skirmisher
32:45 Chivalry
32:59 Scale Barding Armor
33:43 Wheelbarrow
32:54 Town Watch
34:41 Gold Shaft Mining
34:21 Cavalier
36:25 Hand Cart
37:25 Hoardings
37:11 Conscription
37:56 Town Patrol
39:57 Chemistry
39:18 Ballistics
41:23 Blast Furnace
40:40 Siege Engineers
40:26 Light Cavalry
Connection lost

Rejoining the realm…

Still unreachable

The connection could not be restored.

Session expired

The server has moved on; the page needs a fresh start.